[Event "Titled Tuesday Blitz August 08 Early 2023"]
[White "Perez Ponsa, Federico"]
[Black "Hirneise, Jens"]
[WhiteFideId "117927"]
[BlackFideId "24614734"]
[WhiteElo "2880"]
[BlackElo "2483"]
[Result "0-1"]
[Round "1"]
[TimeControl "180+1"]
[Date "2023.08.08"]
[WhiteClock "0:00:02"]
[BlackClock "0:00:12"]
[Board "48"]

1. e4 c6 2. d4 d5 3. e5 Bf5 4. h4 h5 5. Bd3 Bxd3 6. Qxd3 e6 7. Nf3 Ne7 8. Bg5 Qa5+ 9. Nbd2 Nf5 10. O-O Nd7 11. c4 Be7 12. Bxe7 Nxe7 13. a3 Nf5 14. b4 Qd8 15. g3 dxc4 16. Nxc4 Nb6 17. Na5 Rb8 18. Rad1 Qd5 19. Ng5 O-O 20. Nb3 g6 21. Ne4 Kg7 22. Nf6 Qd8 23. Nc5 Rh8 24. Qd2 Nd5 25. Nce4 Nfe7 26. Qg5 Ng8 27. Rd3 Ngxf6 28. exf6+ Kf8 29. Rf3 a5 30. bxa5 Qxa5 31. Nc5 Qc7 32. Re1 Re8 33. a4 b6 34. Nd3 c5 35. dxc5 bxc5 36. Ne5 c4 37. a5 c3 38. a6 Ra8 39. Ra1 c2 40. Kg2 Ra7 41. Rb3 Kg8 42. Rc1 Kh7 43. Qd2 Qxe5 44. Rxc2 Qxf6 45. Rf3 Qg7 46. Qe2 Rha8 47. Rc6 Nb4 48. Rb6 Nxa6 49. Qe4 Nc5 50. Qc4 Nd7 51. Rd6 Ne5 52. Qf4 Nxf3 53. Qxf3 Ra3 0-1


[Site "https://www.chess.com"]

[Event "Titled Tuesday Blitz August 08 Early 2023"]
[White "Cervantes Landeiro, Thalia"]
[Black "Baskakov, Egor"]
[WhiteFideId "3520498"]
[BlackFideId "24197866"]
[WhiteElo "2482"]
[BlackElo "2878"]
[Result "0-1"]
[Round "1"]
[TimeControl "180+1"]
[Date "2023.08.08"]
[WhiteClock "0:00:00"]
[BlackClock "0:01:01"]
[Board "49"]

1. d4 Nf6 2. c4 e6 3. Nf3 d5 4. Nc3 Ne4 5. e3 f5 6. Bd3 c6 7. O-O Bd6 8. Ne5 O-O 9. f3 Nxc3 10. bxc3 Nd7 11. f4 Nxe5 12. fxe5 Be7 13. c5 b6 14. cxb6 axb6 15. a4 Ba6 16. Bxa6 Rxa6 17. Ba3 Bxa3 18. Rxa3 Qd7 19. Qb3 Rfa8 20. Rfa1 h6 21. c4 Kh7 22. cxd5 cxd5 23. Qb4 Qd8 24. h3 Ra5 25. Rb1 b5 26. Rba1 bxa4 27. Rxa4 Rxa4 28. Rxa4 Rb8 29. Qe1 Qg5 30. Ra2 Rb3 31. Re2 f4 32. exf4 Qxf4 33. Qd1 Rc3 34. Qb1+ Kg8 35. Qb8+ Kf7 36. Qb7+ Kg6 37. Qb1+ Kg5 38. Re1 Qxd4+ 39. Kh1 Qd2 40. Rg1 Qd3 41. Qb6 Qf5 42. Qd8+ Kg6 43. Qe8+ Kh7 44. Qb8 Rxh3+ 0-1


[Site "https://www.chess.com"]

[Event "Titled Tuesday Blitz August 08 Early 2023"]
[White "Galchenko, Matvey"]
[Black "Shohat, Yotam"]
[WhiteFideId "24175480"]
[BlackFideId "2813955"]
[WhiteElo "2872"]
[BlackElo "2479"]
[Result "1-0"]
[Round "1"]
[TimeControl "180+1"]
[Date "2023.08.08"]
[WhiteClock "0:00:07"]
[BlackClock "0:00:00"]
[Board "50"]

1. f4 Nf6 2. Nf3 g6 3. g3 Bg7 4. Bg2 O-O 5. O-O d5 6. d3 c5 7. Nc3 d4 8. Na4 Nfd7 9. c4 Nc6 10. a3 b6 11. Rb1 Bb7 12. b4 Qc7 13. e4 dxe3 14. Bxe3 cxb4 15. axb4 e5 16. Nc3 Rad8 17. Nd5 Qd6 18. Nd2 Rfe8 19. Ne4 Qb8 20. f5 Nd4 21. Bxd4 exd4 22. Ng5 Ne5 23. fxg6 hxg6 24. h4 Qd6 25. h5 Bc8 26. Ne4 Qe6 27. Nef6+ Bxf6 28. Nxf6+ Kg7 29. Nxe8+ Rxe8 30. hxg6 Qxg6 31. Qe1 Nf3+ 32. Rxf3 Rxe1+ 33. Rxe1 Bg4 34. Rf4 Bf5 35. Re7 Bxd3 36. Rxd4 Qxg3 37. c5 Bg6 38. c6 Qc3 39. Rdd7 Qc1+ 40. Kh2 Qf4+ 41. Kg1 Qc1+ 42. Bf1 Qc3 43. c7 Qg3+ 44. Bg2 Qf4 45. Rd8 1-0


[Site "https://www.chess.com"]

[Event "Titled Tuesday Blitz August 08 Early 2023"]
[White "Vivas Zamora, Fabian Ernesto"]
[Black "Kravtsiv, Martyn"]
[WhiteFideId "3902480"]
[BlackFideId "14113147"]
[WhiteElo "2479"]
[BlackElo "2867"]
[Result "0-1"]
[Round "1"]
[TimeControl "180+1"]
[Date "2023.08.08"]
[WhiteClock "0:00:00"]
[BlackClock "0:00:49"]
[Board "51"]

1. e4 e5 2. Nf3 Nc6 3. Bc4 Nf6 4. d3 d5 5. exd5 Nxd5 6. O-O Bc5 7. Re1 Be6 8. Nbd2 f6 9. Ne4 Bb6 10. c3 O-O 11. Ng3 Kh8 12. d4 Nxc3 13. Qd3 Bxc4 14. Qxc4 Nd5 15. dxe5 Nxe5 16. Nxe5 fxe5 17. Ne4 c6 18. Bg5 Bxf2+ 19. Nxf2 Qxg5 20. Qe4 Rae8 21. Nh3 Qd2 22. Re2 Qd4+ 23. Kh1 Qxe4 24. Rxe4 Nf4 25. Ng5 Nd3 26. Re2 e4 27. Kg1 e3 28. Rd1 Nf4 29. Ree1 h6 30. Nf3 Nh3+ 31. gxh3 Rxf3 32. Rd7 b5 33. Rxa7 Rxh3 34. Ra3 Rf3 35. Rc3 Re6 36. b3 Kh7 37. a4 b4 38. Rc4 e2 39. Rxb4 Rg6+ 0-1


[Site "https://www.chess.com"]

[Event "Titled Tuesday Blitz August 08 Early 2023"]
[White "Isanzhulov, Arystan"]
[Black "kuanysh1981"]
[WhiteFideId "13711644"]
[WhiteElo "2866"]
[BlackElo "2478"]
[Result "1-0"]
[Round "1"]
[TimeControl "180+1"]
[Date "2023.08.08"]
[WhiteClock "0:01:49"]
[BlackClock "0:02:00"]
[Board "52"]

1. b3 Nf6 2. Bb2 e6 3. g3 d5 4. Bg2 Be7 5. Nf3 O-O 6. O-O b6 7. d3 Bb7 8. Nbd2 c5 9. e3 Nc6 10. Qe2 Rc8 11. a3 Re8 12. Rfe1 Bf8 13. Ne5 Nxe5 14. Bxe5 Nd7 15. Bb2 g6 16. Rad1 Bg7 17. Bxg7 Kxg7 18. e4 d4 19. Nc4 Qe7 20. e5 Bxg2 21. Kxg2 Rf8 22. a4 Nb8 23. f4 Nc6 24. Nd6 Rc7 25. Ne4 Nb4 26. Nf6 Rd8 27. h4 Nd5 28. Nxd5 Rxd5 29. h5 a6 30. Rh1 b5 31. axb5 axb5 32. hxg6 fxg6 33. Ra1 c4 34. Ra8 cxb3 35. cxb3 Rdc5 36. Qg4 Rc2+ 37. Kf3 R7c3 38. Rxh7+ Kxh7 39. Qh3+ Kg7 40. Qh8+ 1-0


[Site "https://www.chess.com"]

[Event "Titled Tuesday Blitz August 08 Early 2023"]
[White "Sanhueza, Cristian"]
[Black "Bernadskiy, Vitaliy"]
[WhiteFideId "116815"]
[BlackFideId "14100371"]
[WhiteElo "2477"]
[BlackElo "2866"]
[Result "0-1"]
[Round "1"]
[TimeControl "180+1"]
[Date "2023.08.08"]
[WhiteClock "0:01:06"]
[BlackClock "0:01:25"]
[Board "53"]

1. e4 g6 2. d4 Nf6 3. Nc3 d6 4. h3 a6 5. Nf3 b5 6. Bd3 Bb7 7. e5 Nd5 8. e6 fxe6 9. O-O Qd7 10. Re1 Nc6 11. Ne4 Bg7 12. c3 O-O 13. Nfg5 e5 14. Nxh7 Kxh7 15. Nc5 dxc5 16. Qh5+ Kg8 17. Bxg6 Nf6 18. Qh4 cxd4 19. Bg5 e6 20. Rad1 Ne7 21. Bb1 Nf5 0-1


[Site "https://www.chess.com"]

[Event "Titled Tuesday Blitz August 08 Early 2023"]
[White "Pranav Anand"]
[Black "favesaul"]
[WhiteFideId "46626786"]
[WhiteElo "2862"]
[BlackElo "2475"]
[Result "1-0"]
[Round "1"]
[TimeControl "180+1"]
[Date "2023.08.08"]
[WhiteClock "0:01:14"]
[BlackClock "0:00:00"]
[Board "54"]

1. Nf3 Nf6 2. c4 e6 3. g3 d5 4. Bg2 d4 5. d3 c5 6. e4 Nc6 7. e5 Nd7 8. Qe2 g6 9. Bf4 Bg7 10. O-O O-O 11. Nbd2 Qe7 12. h4 h6 13. Rfe1 Rb8 14. Ne4 Ndxe5 15. Nxe5 Nxe5 16. Nxc5 Qxc5 17. Bxe5 Bxe5 18. Qxe5 Qxe5 19. Rxe5 b6 20. h5 g5 21. b4 Ba6 22. a4 Rfd8 23. a5 b5 24. c5 Rbc8 25. c6 Rc7 26. Rc1 Rd6 27. f4 f6 28. Rec5 Kf7 29. Kf2 Ke7 30. Re1 Bc8 31. fxg5 fxg5 32. Ree5 a6 33. Be4 Kf6 34. Kf3 Rd8 35. Kg4 Ke7 36. Bg2 Kf6 37. Re1 e5+ 38. Kf3 Re8 39. Rf1 g4+ 40. Ke4+ Kg5 41. Rxe5+ Rxe5+ 42. Kxe5 Re7+ 43. Kxd4 Re2 44. Be4 Be6 45. Rc1 1-0


[Site "https://www.chess.com"]

[Event "Titled Tuesday Blitz August 08 Early 2023"]
[White "Maus7"]
[Black "Yeletsky, Ivan"]
[BlackFideId "24180327"]
[WhiteElo "2474"]
[BlackElo "2858"]
[Result "1/2-1/2"]
[Round "1"]
[TimeControl "180+1"]
[Date "2023.08.08"]
[WhiteClock "0:00:04"]
[BlackClock "0:00:08"]
[Board "55"]

1. e4 c6 2. d4 d5 3. e5 Bf5 4. h4 h5 5. Bd3 Bxd3 6. Qxd3 e6 7. Nf3 Qa5+ 8. Nbd2 Qa6 9. c4 Ne7 10. O-O Nf5 11. b3 Be7 12. a4 Qa5 13. Ba3 Bxa3 14. Rxa3 Na6 15. Rc1 Rd8 16. Nf1 Qb4 17. Raa1 Qe7 18. g3 c5 19. cxd5 Rxd5 20. Qb5+ Qd7 21. dxc5 Ke7 22. Qxd7+ Kxd7 23. Rc3 Rc8 24. Rac1 Rdxc5 25. Rxc5 Nxc5 26. N1d2 Rc6 27. Ng5 Ke7 28. Nge4 Nd3 29. Rxc6 bxc6 30. f4 Nd4 31. Kg2 f5 32. exf6+ gxf6 33. Nc4 Nxb3 34. Nc3 Ndc5 35. Kh3 f5 36. Kg2 Nd4 37. Ne5 Nc2 38. Nxc6+ Kd6 39. Nxa7 Ne3+ 40. Kf3 Nc4 41. Nab5+ Kc6 42. Nd4+ Kd6 43. Ncb5+ Kd5 44. Ne2 Nxa4 45. Nbc3+ Nxc3 46. Nxc3+ Kd4 47. Ne2+ Kd3 48. Ng1 Nd2+ 49. Kg2 Ke3 50. Nh3 Ne4 51. Ng5 Nc5 52. Nf7 Ke4 53. Ne5 Nb3 54. Nd7 Ke3 55. Nf6 Nd2 56. Nxh5 Nc4 57. Ng7 e5 58. Nxf5+ Ke4 59. Nd6+ Nxd6 60. fxe5 Kxe5 61. Kh3 Kf5 62. h5 Kg5 63. g4 Ne4 64. h6 Nf6 65. h7 Nxh7 66. Kg3 Nf6 67. Kf3 Nxg4 1/2-1/2


[Site "https://www.chess.com"]

[Event "Titled Tuesday Blitz August 08 Early 2023"]
[White "Khubukshanov, Erdem"]
[Black "Brunner, Nicolas"]
[WhiteFideId "54114527"]
[BlackFideId "620246"]
[WhiteElo "2857"]
[BlackElo "2474"]
[Result "0-1"]
[Round "1"]
[TimeControl "180+1"]
[Date "2023.08.08"]
[WhiteClock "0:00:00"]
[BlackClock "0:00:12"]
[Board "56"]

1. Nf3 c5 2. c4 Nc6 3. g3 e5 4. Nc3 g6 5. Bg2 Bg7 6. O-O d6 7. d3 Nge7 8. a3 O-O 9. Rb1 a5 10. Ne1 Be6 11. Nd5 Rb8 12. Bg5 f6 13. Bd2 b5 14. Nc2 Qd7 15. Nxe7+ Nxe7 16. Ne3 a4 17. Nd5 bxc4 18. dxc4 Rb3 19. Bc3 Rfb8 20. Qd2 Nc6 21. Rfd1 f5 22. e4 Nd4 23. Kh1 Rf8 24. Bxd4 exd4 25. Re1 Kh8 26. exf5 Bxf5 27. Rbc1 Rf7 28. Qa5 Rxb2 29. Nf4 Be5 30. Bd5 Rf8 31. Ng2 Rxf2 32. Rf1 Bh3 33. Rxf2 Rxf2 34. Qa8+ Qc8 35. Qxa4 d3 36. Ne3 d2 37. Rd1 Bd4 38. Qb3 Qf8 0-1


[Site "https://www.chess.com"]

[Event "Titled Tuesday Blitz August 08 Early 2023"]
[White "Khamdamova, Afruza"]
[Black "Molina, Roberto Junio Brito"]
[WhiteFideId "14210444"]
[BlackFideId "2109450"]
[WhiteElo "2473"]
[BlackElo "2856"]
[Result "1/2-1/2"]
[Round "1"]
[TimeControl "180+1"]
[Date "2023.08.08"]
[WhiteClock "0:00:04"]
[BlackClock "0:00:07"]
[Board "57"]

1. e4 c6 2. d4 d5 3. Nc3 dxe4 4. Nxe4 Nd7 5. Nf3 Ngf6 6. Qd3 Nxe4 7. Qxe4 Nf6 8. Qd3 Bg4 9. Be2 e6 10. O-O Bd6 11. h3 Bh5 12. Bg5 Qa5 13. Bd2 Qc7 14. c4 O-O 15. Bc3 Bg6 16. Qd1 Ne4 17. Be1 Rad8 18. Bd3 c5 19. Qe2 Nf6 20. Bc3 Bxd3 21. Qxd3 cxd4 22. Bxd4 e5 23. c5 Bxc5 24. Bxe5 Rxd3 25. Bxc7 Rc8 26. Be5 Ne4 27. Rae1 f5 28. Re2 Bb6 29. Kh2 Rd5 30. Bg3 g5 31. Rfe1 Rcd8 32. h4 h6 33. hxg5 hxg5 34. Rxe4 fxe4 35. Rxe4 R8d7 36. Re1 Kg7 37. Kg1 Rd1 38. Kf1 Rxe1+ 39. Kxe1 Kf6 40. Be5+ Kf5 41. Bc3 g4 42. Nd2 Bd4 43. Bxd4 Rxd4 44. Ke2 Rd7 45. f3 g3 46. Ne4 Kf4 47. Nc5 Re7+ 48. Kd2 b6 49. Nd3+ Kf5 50. Kd1 a5 51. Kd2 Re8 52. a4 Re7 53. b3 Re8 54. Nb2 Ke5 55. Nc4+ Kd4 56. Nxb6 Rb8 57. Nc4 Rxb3 58. Nxa5 Rb2+ 59. Ke1 Rxg2 60. Kf1 Rf2+ 61. Kg1 Ra2 62. Nc6+ Ke3 63. Ne5 Rxa4 64. Kg2 Kf4 65. Nd3+ Ke3 66. Ne5 Ra8 67. Kxg3 Rg8+ 68. Ng4+ Kd4 69. Kf4 Kd5 70. Kg3 Ke6 71. Kf4 Rf8+ 72. Ke4 Rf7 73. Ke3 Re7 74. Ke4 Ra7 75. Kf4 Ra5 76. Ke4 Ra4+ 77. Ke3 Kf5 78. Nf2 Ra3+ 79. Nd3 Rb3 80. Kd4 Rb8 81. Ke3 Re8+ 82. Kd4 Re7 83. Kd5 Re3 84. Kd4 Rxf3 85. Nc5 Rh3 86. Nd3 Rh4+ 87. Kd5 Rg4 88. Nc5 Rg1 89. Kd4 Rd1+ 90. Kc4 Ke5 91. Nd3+ Kd6 92. Nb4 Rh1 93. Nc2 Rh4+ 94. Kd3 Ke5 95. Ne1 Rh3+ 96. Ke2 Ke4 97. Kf2 Re3 98. Ng2 Rf3+ 99. Ke2 Ra3 100. Kf2 Rb3 101. Nh4 Kf4 102. Ng2+ Ke5 103. Ke2 Ke4 104. Kf2 Rh3 105. Ne1 Rh2+ 106. Kg3 Re2 107. Ng2 Rd2 108. Nh4 Rd7 109. Kf2 Rf7+ 110. Kg3 Rg7+ 111. Kf2 Kf4 112. Ng2+ Ke4 113. Nh4 Rg8 114. Ng2 Rg4 115. Ne1 Rf4+ 116. Ke2 Rh4 117. Nd3 Rh2+ 118. Nf2+ Kf4 119. Ke1 Kf3 120. Nd1 Re2+ 121. Kf1 Re4 122. Nc3 Rc4 123. Nd1 Rc6 124. Ke1 Rd6 125. Nc3 Rd8 126. Nd1 Rd3 127. Nb2 Rb3 128. Nd1 Rd3 129. Nb2 Ra3 130. Nd1 Ra2 131. Nc3 Rc2 132. Nd1 Ke4 133. Nf2+ Ke3 134. Nd1+ Kd3 1/2-1/2


[Site "https://www.chess.com"]

[Event "Titled Tuesday Blitz August 08 Early 2023"]
[White "Janik, Igor"]
[Black "Omariev, Maksim"]
[WhiteFideId "1159259"]
[BlackFideId "4193423"]
[WhiteElo "2853"]
[BlackElo "2471"]
[Result "1-0"]
[Round "1"]
[TimeControl "180+1"]
[Date "2023.08.08"]
[WhiteClock "0:02:02"]
[BlackClock "0:00:15"]
[Board "58"]

1. Nf3 d5 2. e3 Nf6 3. b3 c5 4. Bb2 a6 5. c4 Nc6 6. cxd5 Nxd5 7. Nc3 e6 8. Nxd5 Qxd5 9. Bc4 Qh5 10. Be2 Qg6 11. O-O Be7 12. Rc1 O-O 13. a3 b6 14. d4 Bb7 15. Bd3 Qh5 16. Be4 Rfd8 17. Ne5 Qxd1 18. Rfxd1 Na5 19. Bxb7 Nxb7 20. Nc6 Re8 21. dxc5 Nxc5 22. b4 Na4 23. Be5 Bf6 24. Rd7 Rac8 25. Bxf6 Rxc6 26. Rxc6 gxf6 27. Rdc7 f5 28. Rc8 Kf8 29. Rxe8+ Kxe8 30. Rc8+ Kd7 31. Ra8 Kc6 32. Rxa6 Kb5 33. Ra7 Nc3 34. Rxf7 Nb1 35. Rxh7 Nxa3 36. Rb7 Nc4 37. h4 Kxb4 38. h5 b5 39. h6 Ne5 40. h7 Ng6 41. Rg7 Nh8 42. Rg8 Nf7 43. h8=Q Nxh8 44. Rxh8 Kc3 45. Rc8+ Kb3 46. g4 fxg4 47. Kg2 b4 48. Kg3 Ka2 49. Kxg4 b3 50. Kf4 b2 51. Ra8+ Kb3 52. Rb8+ Kc2 53. Ke5 b1=Q 54. Rxb1 Kxb1 55. Kxe6 Kc2 56. f4 Kd3 57. f5 Kxe3 58. f6 Kd4 59. f7 Kc5 60. f8=Q+ Kd4 61. Qd6+ 1-0


[Site "https://www.chess.com"]

[Event "Titled Tuesday Blitz August 08 Early 2023"]
[White "Vovk, Orest"]
[Black "Henriquez Villagra, Cristobal"]
[WhiteFideId "14113490"]
[BlackFideId "3409350"]
[WhiteElo "2469"]
[BlackElo "2846"]
[Result "1/2-1/2"]
[Round "1"]
[TimeControl "180+1"]
[Date "2023.08.08"]
[WhiteClock "0:00:09"]
[BlackClock "0:00:20"]
[Board "59"]

1. h4 d5 2. h5 e5 3. h6 Nxh6 4. d4 e4 5. Bxh6 gxh6 6. e3 c6 7. c4 Qb6 8. Qb3 Be6 9. Nc3 Nd7 10. Nh3 Qxb3 11. axb3 Bd6 12. g3 Rg8 13. Nf4 Bxf4 14. gxf4 Rg6 15. cxd5 Bxd5 16. Bh3 Nb6 17. Bf5 Rf6 18. Bxe4 Bxb3 19. Bxh7 Bd5 20. Be4 Bc4 21. O-O-O O-O-O 22. Rh5 Nd5 23. Bxd5 cxd5 24. Rdh1 Rdd6 25. Re5 Kd7 26. Rhh5 Kc6 27. Ne4 dxe4 28. Rc5+ Kd7 29. Rxc4 Rg6 30. Kd2 Rg2 31. Ke2 Rb6 32. Rc2 Rg1 33. Re5 Rb1 34. Rxe4 R6xb2 35. Rxb2 Rxb2+ 36. Kd3 Rxf2 37. Re5 Rh2 38. f5 h5 39. f6 h4 40. Re7+ Kc6 41. Rxf7 h3 42. Rh7 Kd6 43. e4 Rh1 44. e5+ Ke6 45. Ke4 Re1+ 46. Kf4 Rf1+ 47. Ke4 Re1+ 48. Kf4 Rf1+ 49. Ke4 Re1+ 1/2-1/2


[Site "https://www.chess.com"]

[Event "Titled Tuesday Blitz August 08 Early 2023"]
[White "Timofeev, Artyom"]
[Black "Delorme, Axel"]
[WhiteFideId "4140419"]
[BlackFideId "632023"]
[WhiteElo "2841"]
[BlackElo "2468"]
[Result "1-0"]
[Round "1"]
[TimeControl "180+1"]
[Date "2023.08.08"]
[WhiteClock "0:02:26"]
[BlackClock "0:00:00"]
[Board "60"]

1. c4 e6 2. Nc3 d5 3. d4 Nf6 4. Bg5 Nbd7 5. e3 Be7 6. Nf3 O-O 7. Rc1 b6 8. cxd5 exd5 9. Bd3 Bb7 10. O-O c5 11. dxc5 bxc5 12. Bf5 g6 13. Bh3 1-0


[Site "https://www.chess.com"]

[Event "Titled Tuesday Blitz August 08 Early 2023"]
[White "Kuznetsov, Mikhail"]
[Black "Rustemov, Alexander"]
[WhiteFideId "4117190"]
[BlackFideId "4119002"]
[WhiteElo "2467"]
[BlackElo "2840"]
[Result "0-1"]
[Round "1"]
[TimeControl "180+1"]
[Date "2023.08.08"]
[WhiteClock "0:00:00"]
[BlackClock "0:00:42"]
[Board "61"]

1. Nf3 d5 2. g3 Nf6 3. Bg2 Bf5 4. O-O e6 5. d4 Be7 6. c4 c6 7. Nc3 Nbd7 8. Nd2 O-O 9. e4 dxe4 10. Ndxe4 Nxe4 11. Nxe4 Nf6 12. Nc3 Qd7 13. Be3 Rfd8 14. Qb3 Ng4 15. Rad1 Nxe3 16. fxe3 Bg6 17. e4 e5 18. d5 Bc5+ 19. Kh1 Bd4 20. Ne2 Bc5 21. dxc6 Qxc6 22. Rd5 f6 23. Rfd1 Qc7 24. Bf3 b6 25. h4 Bf7 26. Rxd8+ Rxd8 27. Rxd8+ Qxd8 28. Qc2 h5 29. Kg2 a5 30. b3 Qd6 31. Kf1 g6 32. Kg2 Kg7 33. Kf1 Be6 34. Kg2 Kf7 35. Kh2 Be3 36. Kg2 Qd2 37. Qxd2 Bxd2 38. Kf2 Ke7 39. Ng1 Kd6 40. Ke2 Bb4 41. Kd3 Be1 42. Ne2 Kc5 43. a3 b5 44. cxb5 Kxb5 45. Kc2 Kc5 46. Kd1 Bf2 47. Kc2 Bd7 48. Kc3 Be1+ 49. Kc2 Bb5 50. g4 hxg4 51. Bxg4 Bxh4 52. Nc3 Bc6 53. Kd3 Be1 54. Na2 Bb5+ 55. Kc2 Kd4 56. Kd1 Bh4 57. Bf3 Ke3 58. Bg2 Bd3 59. Nc3 Kd4 60. Ne2+ Ke3 61. Nc3 Bg5 62. b4 axb4 63. axb4 Kd4 64. Ne2+ Kc4 65. Nc1 Bb1 0-1


[Site "https://www.chess.com"]

[Event "Titled Tuesday Blitz August 08 Early 2023"]
[White "Ibarra Jerez, Jose Carlos"]
[Black "Shuvalov, Evgenij"]
[WhiteFideId "2226332"]
[BlackFideId "4187237"]
[WhiteElo "2839"]
[BlackElo "2466"]
[Result "1-0"]
[Round "1"]
[TimeControl "180+1"]
[Date "2023.08.08"]
[WhiteClock "0:00:55"]
[BlackClock "0:00:10"]
[Board "62"]

1. e4 e6 2. d4 d5 3. Nc3 Bb4 4. Ne2 Nc6 5. a3 Ba5 6. b4 Bb6 7. Na4 dxe4 8. Bb2 Nf6 9. c4 a5 10. b5 Ne7 11. Qb3 Nf5 12. O-O-O O-O 13. h3 Ba7 14. g4 Nh4 15. Ng3 h6 16. Be2 c6 17. b6 Bb8 18. Rhg1 Qe7 19. Kb1 Bf4 20. Nc5 e5 21. Na4 exd4 22. Bxd4 Rd8 23. Qc3 Ne8 24. Nh5 Bg5 25. Ka2 Be6 26. Bc5 Bxc4+ 27. Bxc4 1-0


[Site "https://www.chess.com"]

[Event "Titled Tuesday Blitz August 08 Early 2023"]
[White "Herzog2012"]
[Black "Salinas Herrera, Pablo"]
[BlackFideId "3407128"]
[WhiteElo "2465"]
[BlackElo "2838"]
[Result "0-1"]
[Round "1"]
[TimeControl "180+1"]
[Date "2023.08.08"]
[WhiteClock "0:00:01"]
[BlackClock "0:01:21"]
[Board "63"]

1. e4 c5 2. Nf3 d6 3. d4 cxd4 4. Nxd4 Nf6 5. Nc3 a6 6. Bg5 Nbd7 7. f4 Qc7 8. Qe2 e5 9. Nf5 h6 10. Bxf6 Nxf6 11. O-O-O Be6 12. Ne3 exf4 13. Ned5 Bxd5 14. Nxd5 Nxd5 15. exd5+ Be7 16. Re1 Kf8 17. Qe4 Bf6 18. Bc4 Be5 19. Bb3 g6 20. h4 h5 21. Rhf1 Kg7 22. Qf3 Rae8 23. Re4 b5 24. Rfe1 Qd8 25. Qh3 Re7 26. a4 Rhe8 27. axb5 axb5 28. Qd3 Qa5 29. c3 Rc8 30. Kc2 b4 31. c4 Qc5 32. R1e2 Rce8 33. Ba4 b3+ 34. Qxb3 Rc8 35. Bc6 Qa7 36. Qa4 Qc7 37. b4 Qb6 38. Qb5 Qg1 39. Qa6 Ra7 40. Re1 Qxg2+ 41. R4e2 Qxe2+ 42. Rxe2 Rxa6 43. Bb7 Rxc4+ 44. Kb3 Rc3+ 0-1


[Site "https://www.chess.com"]

[Event "Titled Tuesday Blitz August 08 Early 2023"]
[White "Kushko, Dmitriy"]
[Black "Rozhkov, Viacheslav"]
[WhiteFideId "14162261"]
[BlackFideId "4181484"]
[WhiteElo "2835"]
[BlackElo "2465"]
[Result "1-0"]
[Round "1"]
[TimeControl "180+1"]
[Date "2023.08.08"]
[WhiteClock "0:00:04"]
[BlackClock "0:00:00"]
[Board "64"]

1. Nf3 Nf6 2. g3 b5 3. Na3 b4 4. Nc4 e6 5. a3 Bb7 6. axb4 Bxb4 7. Bg2 O-O 8. O-O d6 9. Na5 Bxa5 10. Rxa5 Nc6 11. Ra1 e5 12. d3 a5 13. Bg5 h6 14. Bxf6 Qxf6 15. Nd2 Rfb8 16. c3 Ne7 17. Bxb7 Rxb7 18. Qc2 Qe6 19. Nc4 Nc6 20. e4 f5 21. Qa4 Ne7 22. b4 fxe4 23. Nxa5 exd3 24. Qd1 Rxa5 25. bxa5 e4 26. a6 Ra7 27. Qb1 Nc6 28. Re1 d5 29. Qxd3 Ne5 30. Qe2 Qh3 31. f4 exf3 32. Qf1 Qf5 33. Re3 c5 34. Rae1 Re7 35. a7 Rxa7 36. Rxe5 Qf6 37. Rxd5 Ra2 38. Kh1 f2 39. Re8+ Kf7 40. Re3 Qc6 41. c4 Qf6 42. Rde5 1-0


[Site "https://www.chess.com"]

[Event "Titled Tuesday Blitz August 08 Early 2023"]
[White "arenal72"]
[Black "Talibov, Shiroghlan"]
[BlackFideId "13429078"]
[WhiteElo "2464"]
[BlackElo "2830"]
[Result "0-1"]
[Round "1"]
[TimeControl "180+1"]
[Date "2023.08.08"]
[WhiteClock "0:00:11"]
[BlackClock "0:00:47"]
[Board "65"]

1. e4 c5 2. Nf3 d6 3. d4 cxd4 4. Nxd4 Nf6 5. Nc3 a6 6. Qe2 g6 7. g3 Bg7 8. Bg2 O-O 9. Bg5 Qa5 10. Bd2 Nc6 11. Nb3 Qc7 12. h3 b5 13. O-O Bb7 14. Rae1 e6 15. f4 b4 16. Nd1 a5 17. c3 Ba6 18. c4 a4 19. Nc1 Nd4 20. Qf2 Qxc4 21. b3 axb3 22. axb3 Nxb3 23. Ne3 Nxe4 24. Bxe4 Qxe4 25. Nxb3 Bxf1 26. Qxf1 Ra2 27. Nc4 Qc2 28. Nc1 b3 29. Rd1 Bd4+ 30. Kh1 d5 31. Nd6 Ra1 32. Nb5 Qe4+ 33. Qg2 b2 34. Qxe4 dxe4 35. Nxd4 b1=Q 0-1


[Site "https://www.chess.com"]

[Event "Titled Tuesday Blitz August 08 Early 2023"]
[White "Bharath Subramaniyam H"]
[Black "Baches Garcia, Guillermo"]
[WhiteFideId "46634827"]
[BlackFideId "2209764"]
[WhiteElo "2824"]
[BlackElo "2464"]
[Result "1-0"]
[Round "1"]
[TimeControl "180+1"]
[Date "2023.08.08"]
[WhiteClock "0:00:34"]
[BlackClock "0:00:00"]
[Board "66"]

1. e4 d5 2. exd5 Qxd5 3. Nc3 Qa5 4. d4 Nf6 5. Nf3 Bf5 6. Bc4 e6 7. O-O c6 8. Re1 Be7 9. Bf4 Nbd7 10. Qe2 O-O 11. h3 Nb6 12. Bb3 Nbd5 13. Bd2 Nxc3 14. Bxc3 Bb4 15. Bxb4 Qxb4 16. c3 Qd6 17. Ne5 Nd7 18. Rad1 Rad8 19. Qf3 Nxe5 20. Rxe5 Bg6 21. Rde1 Rfe8 22. h4 h6 23. Qg3 Bh7 24. h5 b6 25. Qe3 Re7 26. g4 Rde8 27. f4 Kf8 28. Qf2 f6 29. R5e2 c5 30. dxc5 bxc5 31. Rd1 Qc7 32. Ba4 Rb8 33. Rde1 Bg8 34. c4 Rd8 35. Rd2 Bf7 36. Red1 Rxd2 37. Rxd2 Be8 38. Bxe8 Rxe8 39. Qe3 e5 40. f5 Kg8 41. Rd5 Qb6 42. b3 Rc8 43. Kg2 Kh7 44. Qe4 Rc6 45. Rd7 Rd6 46. Rxd6 Qxd6 47. Qd5 Qb6 48. Kf3 Qb4 49. Qd3 a5 50. Ke4 a4 51. Kd5 axb3 52. axb3 Qb6 53. Qc3 Qc7 54. Qb2 Kg8 55. Qa3 Qb6 56. Qxc5 Qxb3 57. Ke6 Kh7 58. Qc8 e4 59. Kf7 1-0


[Site "https://www.chess.com"]

[Event "Titled Tuesday Blitz August 08 Early 2023"]
[White "slidingknight2775"]
[Black "JeRoma71"]
[WhiteElo "2463"]
[BlackElo "2824"]
[Result "0-1"]
[Round "1"]
[TimeControl "180+1"]
[Date "2023.08.08"]
[WhiteClock "0:00:04"]
[BlackClock "0:01:49"]
[Board "67"]

1. Nf3 g6 2. c4 Bg7 3. Nc3 c5 4. g3 Nc6 5. Bg2 e6 6. O-O Nge7 7. a3 O-O 8. b4 d6 9. Rb1 b6 10. Qc2 Bb7 11. d3 Qd7 12. Bd2 h6 13. Qc1 g5 14. h4 g4 15. Nh2 h5 16. Bh6 f6 17. Bxg7 Kxg7 18. e3 Ne5 19. Qd1 Bxg2 20. Kxg2 f5 21. Qe2 Rac8 22. Kg1 N7g6 23. f4 gxf3 24. Nxf3 Ng4 25. Rbe1 cxb4 26. axb4 d5 27. Ng5 d4 28. Nd1 Rce8 29. e4 f4 30. Nf2 e5 31. Nxg4 hxg4 32. Qg2 f3 33. Qd2 Qe7 34. Ra1 Rh8 35. Rf2 Nxh4 36. gxh4 Rxh4 37. Nxf3 gxf3 38. Rxf3 Rg4+ 39. Kf1 Rh8 40. Ke2 Rh2+ 41. Rf2 Rxf2+ 42. Kxf2 Qh4+ 43. Kf1 Qh1+ 44. Kf2 Rg2+ 45. Kf3 Qh3# 0-1


[Site "https://www.chess.com"]

[Event "Titled Tuesday Blitz August 08 Early 2023"]
[White "Tristan, Leonardo"]
[Black "Lima, Kleyton Alcantara"]
[WhiteFideId "113816"]
[BlackFideId "22718397"]
[WhiteElo "2823"]
[BlackElo "2460"]
[Result "1-0"]
[Round "1"]
[TimeControl "180+1"]
[Date "2023.08.08"]
[WhiteClock "0:00:40"]
[BlackClock "0:00:16"]
[Board "68"]

1. d4 Nf6 2. Nf3 g6 3. Bf4 Bg7 4. e3 d6 5. Be2 O-O 6. O-O Nbd7 7. h3 b6 8. Bh2 Bb7 9. a4 a6 10. Nbd2 Ne4 11. Nxe4 Bxe4 12. Nd2 Bb7 13. Bf3 Qc8 14. a5 b5 15. c4 c5 16. Rc1 b4 17. Qa4 cxd4 18. exd4 Bxd4 19. Qxb4 Rb8 20. Qa3 Bxf3 21. Qxf3 Bxb2 22. Rc2 Bf6 23. Ne4 Bg7 24. c5 Ne5 25. Qe2 dxc5 26. Rxc5 Qf5 27. f4 Nf3+ 28. Kh1 Nd4 29. Qd3 Qe6 30. f5 gxf5 31. Bxb8 fxe4 32. Qg3 Rxb8 33. Qxb8+ 1-0


[Site "https://www.chess.com"]

[Event "Titled Tuesday Blitz August 08 Early 2023"]
[White "Rosh Jain"]
[Black "Ozen, Bahadir"]
[WhiteFideId "25789465"]
[BlackFideId "6337058"]
[WhiteElo "2460"]
[BlackElo "2820"]
[Result "1/2-1/2"]
[Round "1"]
[TimeControl "180+1"]
[Date "2023.08.08"]
[WhiteClock "0:02:32"]
[BlackClock "0:02:30"]
[Board "69"]

1. e4 d6 2. d4 Nf6 3. Nc3 e5 4. Nf3 Nbd7 5. Bc4 Be7 6. O-O O-O 7. h3 c6 8. a4 a5 9. Be3 exd4 10. Nxd4 Nc5 11. f3 Re8 12. Qd2 Qc7 13. Rfe1 Bd7 14. Rad1 Rad8 15. Qf2 Bc8 16. Qg3 Nh5 17. Qf2 Nf6 18. Qg3 Nh5 19. Qf2 Nf6 1/2-1/2


[Site "https://www.chess.com"]